 Dungeon Crawl Stone Soup version 0.26-a0-1222-g14533b3512 (webtiles) character file.

Game seed: 8112668114184720503

930 Iscandelvey the Firebug (level 7, 0/39 (46) HPs)
             Began as a Demonspawn Fire Elementalist on Dec 17, 2020.
             Was an Initiate of Gozag.
             Hit by a stone thrown by an orc warrior (10 damage)
             ... on level 6 of the Dungeon on Jan 1, 2021.
             The game lasted 00:47:50 (7261 turns).

Iscandelvey the Firebug (DsFE)                      Turns: 7261, Time: 00:47:51

HP:   0/39 (46)     AC:  5    Str:  8    XL:     7   Next: 86%
MP:   0/12          EV: 13    Int: 19    God:    Gozag
Gold: 342           SH:  0    Dex: 13    Spells: 6/12 levels left

rFire    + + .     SeeInvis .   n - -2 hand axe (curse)
rCold    x x .     Faith    .   (no shield)
rNeg     . . .     Spirit   +   a - +0 robe
rPois    .         Reflect  .   (no helmet)
rElec    .         Harm     .   (no cloak)
rCorr    .         Rampage  .   C - +0 pair of gloves
Will     .....                  e - +1 pair of boots
Stlth    ++........             r - amulet of the acrobat
HPRegen  0.13/turn              I - ring of fire
MPRegen  0.13/turn              A - ring of fire

@: gold aura, heavily drained
A: hooves 1, magic shield
a: Renounce Religion, Potion Petition, Call Merchant, Bribe Branch


You were on level 6 of the Dungeon.
You worshipped Gozag.
Gozag was aware of your devotion.
You visited 2 branches of the dungeon, and saw 7 of its levels.

You collected 625 gold pieces.
You spent 204 gold pieces at shops.
You paid 79 gold pieces to Gozag.

Inventory:

Hand Weapons
 n - a cursed -2 hand axe (weapon)
 s - a +1 short sword of protection
 w - a +4 whip
Missiles
 h - 214 stones
 l - 105 arrows
 G - 6 poisoned darts (quivered)
 K - 5 javelins
Armour
 a - a +0 robe (worn)
 e - a +1 pair of boots (worn)
 C - a +0 pair of gloves (worn)
 F - a +0 ring mail
Jewellery
 m - a +4 ring of evasion
 r - an amulet of the acrobat (around neck)
 t - an uncursed amulet of magic regeneration {unknown}
 y - a +4 ring of protection
 A - a ring of fire (right hand)
 I - a ring of fire (left hand)
 J - an uncursed ring of poison resistance
Wands
 i - a wand of acid (6)
Scrolls
 b - 3 scrolls of random uselessness {unknown}
 c - 8 scrolls of identify
 d - 6 scrolls of remove curse {unknown}
 f - 3 scrolls of noise
 j - 2 scrolls of enchant armour {unknown}
 k - 9 scrolls of teleportation
 q - 2 scrolls of enchant weapon {unknown}
 v - a scroll of immolation {unknown}
 D - 2 scrolls of blinking
 H - a scroll of magic mapping
 M - a scroll of fear {unknown}
Potions
 g - 3 potions of lignification {unknown}
 o - a potion of attraction {unknown}
 p - a potion of resistance {unknown}
 u - a potion of flight {unknown}
 x - a potion of heal wounds {unknown}
 z - a potion of brilliance {unknown}
 B - a potion of mutation {unknown}
 E - a potion of cancellation {unknown}
 L - 2 potions of curing {unknown}


   Skills:
 + Level 2.0 Throwing
 + Level 2.3 Armour
 + Level 3.2 Dodging
 + Level 3.3 Stealth
 + Level 3.3 Spellcasting
 * Level 4.4 Conjurations
 * Level 4.7 Fire Magic


You had 6 spell levels left.
You knew the following spells:

 Your Spells              Type           Power        Failure   Level
a - Foxfire               Conj/Fire      100%         2%          1
b - Conjure Flame         Conj/Fire      46%          7%          3
c - Searing Ray           Conj           38%          3%          2

Your spell library contained the following spells:

 Spells                   Type           Power        Failure   Level
 Magic Dart               Conj           76%          2%          1
 Animate Skeleton         Necr           6%           14%         1
 Pain                     Necr           12%          14%         1
 Inner Flame              Hex/Fire       27%          17%         3
 Dazzling Flash           Conj/Hex       22%          19%         3
 Sticky Flame             Conj/Fire      46%          22%         4
 Vampiric Draining        Necr           1%           41%         3
 Fulminant Prism          Conj/Hex       5%           52%         4
 Iskenderun's Mystic Bla  Conj/Tloc      11%          52%         4
 Fireball                 Conj/Fire      23%          52%         5
 Animate Dead             Necr           1%           82%         4
 Agony                    Necr           3%           99%         5


Dungeon Overview and Level Annotations

Branches:
Dungeon (6/15)             Temple (1/1) D:4

Altars:
Ashenzari
Dithmenos
Fedhas
Gozag
Kikubaaqudgha
Makhleb
Okawaru
Sif Muna
Trog
Uskayaw
Vehumet
Wu Jian
Xom
Yredelemnul
Zin

Shops:
D:4 ?([}?

Annotations:
D:4 2 transporters, vurker's ghost, novice DgFE


Innate Abilities, Weirdness & Mutations

You have large cloven feet.
When hurt, damage is shared between your health and your magic reserves.


Message History

The orc warrior is severely wounded.
The orc warrior throws a stone.
The stone barely misses you.
Throw: 8 darts (poison)
Press: ? - help, Q - select action, (/) - cycle Shift-Dir - straight line, f/p - orc warrior
Aim: an orc warrior, wielding a +0 dire flail, wearing a +0 plate armour and quivering 6 stones (severely wounded, extremely poisoned)
You throw a poisoned dart. The poisoned dart hits the orc warrior.
The orc warrior looks as sick as possible!
The orc warrior is severely wounded.
The orc warrior throws a stone.
The stone hits you!
* * * LOW HITPOINT WARNING * * *
Throw: 7 darts (poison)
Press: ? - help, Q - select action, (/) - cycle Shift-Dir - straight line, f/p - orc warrior
Aim: an orc warrior, wielding a +0 dire flail, wearing a +0 plate armour and quivering 5 stones (severely wounded, extremely poisoned)
You throw a poisoned dart. The poisoned dart hits the orc warrior.
The orc warrior looks as sick as possible!
The orc warrior is severely wounded.
You feel a bit more experienced.
The orc warrior throws a stone.
The stone hits you!
You die...
Your body crumbles into a pile of gold.

#. #. ####### #.
#.....# #.##.###.#
#
##.#...##.########
.#
#.#....v#......(.#
..#
.#.......#######@#
.... #.#.....##
#ยง# ...(.
##.#...##
#(###(.....
##.##.##
#(o.o{o....
##.####
#########.# ##.##
#...# ....# #...#


You could see an orc warrior (extremely poisoned).

Vanquished Creatures
  A phantom (D:4)
  2 ogres (D:4)
  A scorpion (D:4)
  2 hounds
  A centaur skeleton (D:4)
  Jessica (D:3)
  A bullfrog skeleton (D:5)
  An iguana (D:5)
  3 worker ants
  6 orc wizards
  3 hound skeletons (D:4)
  4 gnolls (D:5)
  5 adders
  A white imp (D:5)
  4 ufetubi (D:5)
  6 dart slugs
  A leopard gecko (D:1)
  8 orcs
  6 bats
  6 giant cockroaches
  8 goblins
  6 hobgoblins
  7 jackals
  10 kobolds
  5 quokkas
  4 frilled lizards
  A giant cockroach zombie (D:5)
  A leopard gecko zombie (D:5)
  2 quokka skeletons (D:4)
  5 rats
112 creatures vanquished.

Vanquished Creatures (others)
  An orc wizard (D:5)
  203 foxfires
204 creatures vanquished.

Grand Total: 316 creatures vanquished

Notes
Turn   | Place    | Note
-------+----------+-------------------------------------------
     0 | D:1      | Iscandelvey the Demonspawn Fire Elementalist began the
                  | quest for the Orb.
     0 | D:1      | Reached XP level 1. HP: 13/13 MP: 3/3
   254 | D:1      | Gained mutation: When hurt, damage is shared between your
                  | health and your magic reserves. [demonic ancestry]
   254 | D:1      | Reached XP level 2. HP: 19/19 MP: 1/5
   691 | D:1      | Reached XP level 3. HP: 23/24 MP: 6/6
  1067 | D:2      | Found a burning altar of Makhleb.
  1882 | D:3      | Noticed Jessica
  1896 | D:3      | Killed Jessica
  1897 | D:3      | Reached XP level 4. HP: 28/30 MP: 1/7
  3109 | D:3      | Upgraded the game from 0.26-a0-1126-g3318b609a0 to
                  | 0.26-a0-1222-g14533b3512
  3131 | D:4      | Found a transporter.
  3163 | D:4      | Reached XP level 5. HP: 28/35 MP: 1/8
  3293 | D:4      | Reached skill level 1 in Armour
  3740 | D:4      | Learned a level 3 spell: Conjure Flame
  3777 | D:4      | Found a staircase to the Ecumenical Temple.
  3783 | Temple   | Entered the Ecumenical Temple
  3791 | Temple   | Became a worshipper of Gozag Ym Sagoz the Greedy
  3840 | D:4      | Found a transporter.
  3908 | D:4      | Gained mutation: You have large cloven feet. [demonic
                  | ancestry]
  3908 | D:4      | Reached XP level 6. HP: 30/41 MP: 8/10
  3999 | D:4      | Found Baeluilo's Magic Scroll Emporium.
  4005 | D:4      | Bought a scroll of blinking for 90 gold pieces
  4005 | D:4      | Bought a scroll of teleportation for 36 gold pieces
  4005 | D:4      | Bought a scroll of identify for 24 gold pieces
  4037 | D:4      | Found Faawn's Antique Armour Emporium.
  4233 | D:4      | Reached skill level 1 in Throwing
  4264 | D:4      | Found Kuotep's Gadget Shop.
  4434 | D:4      | Found Nous's Magic Scroll Shoppe.
  4456 | D:4      | Bought a scroll of magic mapping for 42 gold pieces
  4456 | D:4      | Bought a scroll of noise for 12 gold pieces
  4817 | D:4      | Found Sut Vaha's Antique Weapon Shoppe.
  5102 | D:5      | Entered Level 5 of the Dungeon
  5177 | D:4      | Reached XP level 7. HP: 39/46 MP: 1/11
  5595 | D:5      | Found a runed translucent door.
  5596 | D:5      | Noticed vurker's ghost (novice DgFE)
  6671 | D:5      | Learned a level 2 spell: Searing Ray
  7261 | D:6      | Hit by a stone thrown by an orc warrior

Illustrated notes

Levels and vault maps discovered:
D:1:      dpeg_arrival_pits, layout_basic
D:2:      layout_loops_ring, bloody_makhleb
D:3:      layout_loops_corners, kennysheep_jessica_study
D:4:      gammafunk_steamed_eel, layout_basic,
          minmay_temple_entry_enclosed_plants, serial_shops, shop,
          nicolae_shop_behind_doors, shop, shop, shop
D:5:      layout_basic, ebering_ghost_reflecting_pool, minmay_misc_feat_five,
          minmay_a_box_with_orc_wizards_in_it
D:6:      layout_loops_ring, palyth_stone_intersect, uniq_sigmund
Temple:   dpeg_three_leaves_temple

Skill      XL: |  1  2  3  4  5  6  7 |
---------------+----------------------+-----
Stealth        | 2 3 |  3.3
Fire Magic     | 3 4 |  4.7
Dodging        | 2 3 |  3.2
Conjurations   | 2 3 4 |  4.4
Armour         | 1 2 |  2.3
Throwing       | 1 2 |  2.0
Spellcasting   | 3 |  3.3

Action                   |  1- 3 |  4- 6 |  7- 9 || total
-------------------------+-------+-------+-------++-------
Melee: Hand axe          |    81 |   202 |   118 ||   401
 Fire: Hunting sling     |     5 |       |       ||     5
Throw: Stone             |       |     3 |     1 ||     4
       Dart              |       |    30 |    62 ||    92
 Cast: Foxfire           |    30 |    60 |    29 ||   119
       Conjure Flame     |       |     8 |    11 ||    19
       Searing Ray       |       |       |     3 ||     3
 Stab: Sleeping          |     4 |     2 |     1 ||     7
       Distracted        |       |     1 |       ||     1
Armor: Robe              |    24 |    46 |    54 ||   124
Dodge: Dodged            |    79 |   206 |   213 ||   498

Table legend: (Time is in decaauts)
 A = Elapsed time spent in this place.
 B = Non-inter-level travel time spent in this place.
 C = Inter-level travel time spent in this place.
 D = Time resting spent in this place.
 E = Time spent auto-exploring this place.
 F = Levels seen in this place.
 G = Mean time per level.
                   A        B        C        D        E       F      G
               +--------+--------+--------+--------+--------+-----+--------+
         Total |   7378 |   7131 |    247 |   1057 |   3546 |   7 | 1054.0 |
       Dungeon |   7362 |   7115 |    247 |   1057 |   3546 |   6 | 1227.0 |
        Temple |     16 |     16 |      0 |      0 |      0 |   1 |   16.0 |
               +--------+--------+--------+--------+--------+-----+--------+

Top non-repeatable levels by time:
     D:4: 2366 daAuts
     D:5: 1674 daAuts
     D:3: 1497 daAuts
     D:1: 1056 daAuts
     D:2: 681 daAuts
     D:6: 86 daAuts
  Temple: 16 daAuts
